[Event "Late-Titled-Tuesday-Blitz-October-24-2023"]
[Site "Chess.com"]
[Date "2023.10.24"]
[Round "7"]
[White "rikchessmx"]
[Black "Kombinator01"]
[Result "0-1"]
[WhiteElo "2281"]
[BlackElo "2422"]
[TimeControl "180+1"]
[EndTime "15:16:38 PDT"]
[Termination "Kombinator01 won by checkmate"]

1. e4 e5 2. Nf3 Nf6 3. Bc4 Nxe4 4. d3 Nf6 5. Nxe5 d5 6. Bb3 Bd6 7. d4 Nbd7 8. f4 c5 9. c3 O-O 10. O-O Qb6 11. Kh1 a5 12. Bc2 Ne4 13. dxc5 Qxc5 14.
Nd3 Qb6 15. Qf3 Ndf6 16. Be3 Qa6 17. Nd2 Bf5 18. Nb3 Bg4 19. Ndc5 Bxc5 20. Nxc5 Nxc5 21. Qg3 Nce4 22. Qh4 Qe2 23. Bxe4 Qxe3 24. Rae1 Qd2 25. Bxh7+ Nxh7 26. Qxg4 Rae8 27. Rd1 Qxb2 28. Rxd5 Qe2 29.
Qxe2 Rxe2 30. Rxa5 Rc8 31. Rb5 Rc7 32. h3 Nf6 33.
Rfb1 Rxa2 34. Rxb7 Rxb7 35. Rxb7 Nd5 36. f5 Nxc3 37.
Kh2 Ne4 38. Re7 Nf6 39. Kg3 Ra5 40. Kh4 Rxf5 41. g4 Ra5 42. Re3 g5+ 43. Kg3 Kg7 44. h4 Ra4 45. hxg5 Rxg4+ 46. Kh3 Rxg5 47. Ra3 Rg6 48.
Ra5 Ng8 49. Kh4 Ne7 50. Rb5 f5 51. Rb7 Kf7 52. Kh5 Rg1 53. Ra7 Kf6 54. Ra6+ Ke5 55. Ra5+ Nd5 56. Ra8 Nf4+ 57. Kh6 Rg6+ 58. Kh7 Rg1 59. Ra4 Ne6 60. Ra5+ Kf6 61. Ra6 f4 62. Ra3 Ng5+ 63. Kg8 f3 64. Kf8 f2 65. Ra6+ Kf5 66.
Ra5+ Kf4 67. Ra4+ Ne4 68. Ra7 f1=Q 69. Rf7+ Ke3 70. Rxf1 Rxf1+ 71. Ke7 Rf6 72. Kd7 Kd4 73. Ke7 Ra6 74. Kd8 Ra7 75. Kc8 Ng3 76. Kb8 Rh7 77. Kc8 Nh1 78. Kd8 Ke5 79. Ke8 Kf6 80. Kf8 Rh8# 0-1

[Event "Late-Titled-Tuesday-Blitz-October-24-2023"]
[Site "Chess.com"]
[Date "2023.10.24"]
[Round "7"]
[White "tteshan"]
[Black "AsselLesbekova"]
[Result "1-0"]
[WhiteElo "2514"]
[BlackElo "2303"]
[TimeControl "180+1"]
[EndTime "15:16:39 PDT"]
[Termination "tteshan won by resignation"]

1. e4 e5 2. Nf3 Nf6 3. Nxe5 Nxe4 4. Qe2 Qe7 5. Nf3 Nc6 6. d3 Nf6 7. Nc3 a6 8. Bg5 Qxe2+ 9. Bxe2 Be7 10. O-O-O h6 11.
Bh4 g5 12. Bg3 d6 13. d4 Nh5 14. d5 Nxg3 15. hxg3 Ne5 16. Nd4 g4 17. Kb1 Bd7 18.
Rh5 O-O-O 19. Rdh1 Bf8 20. Ne4 Bg7 21. Nf5 Bxf5 22.
Rxf5 Rde8 23. c3 Re7 24. f4 gxf3 25. gxf3 Nd7 26. Bd3 Nc5 27. Nxc5 dxc5 28. Be4 Rd8 29. Kc2 Rd6 30. g4 b5 31. a4 b4 32. a5 Kd7 33.
Kb3 bxc3 34. bxc3 Ke8 35. Kc4 Kf8 36. Rb1 Re8 37. Rb7 Rc8 38. Rf4 Be5 39. Rf5 Bg3 40.
Kxc5 Be1 41. Kd4 Kg7 42. c4 Bf2+ 43. Kd3 Bc5 44. Re5 Rf6 45. Bf5 Rh8 46. Re2 h5 47. Rxc7 Bd6 48. Rb7 hxg4 49. fxg4 Rh3+ 50. Re3 Rh1 51.
Re2 Rfh6 52. g5 Rd1+ 53. Kc2 Rhh1 54. g6 Rc1+ 55. Kb2 Bc5 56. Rxf7+ Kh6 57. Rh7+ Kg5 58. Rxh1 Rxh1 59. g7 Bd4+ 60. Kc2 Bxg7 61. Be6 Rh4 62. Rg2+ Kf6 63. Kb3 Ke5 64. Rxg7 Rh3+ 65. Kb4 1-0

[Event "Late-Titled-Tuesday-Blitz-October-24-2023"]
[Site "Chess.com"]
[Date "2023.10.24"]
[Round "7"]
[White "Duhless"]
[Black "Fandorine"]
[Result "1/2-1/2"]
[WhiteElo "3122"]
[BlackElo "2939"]
[TimeControl "180+1"]
[EndTime "15:16:40 PDT"]
[Termination "Game drawn - insufficient material"]

1. d4 Nf6 2. Nf3 g6 3. c4 Bg7 4. Nc3 d5 5. Bg5 Ne4 6. Bf4 Nxc3 7. bxc3 c5 8. e3 O-O 9. cxd5 Qxd5 10. Be2 Nc6 11.
O-O cxd4 12. exd4 Qa5 13. d5 Nb8 14. c4 Na6 15. Be5 Qc5 16. Bxg7 Kxg7 17. Nd4 e5 18. dxe6 Bxe6 19. Nxe6+ fxe6 20. Qd7+ Rf7 21. Qxe6 Re7 22. Qg4 h5 23. Qf3 Rf8 24. Qc3+ Qe5 25. Qxe5+ Rxe5 26. Bf3 b6 27. Rfd1 Nc5 28. Rd4 Rfe8 29. Kf1 R8e7 30.
Rad1 Na4 31. Rd7 Nc3 32. Rxe7+ Rxe7 33. Rd2 Rc7 34. a3 Na4 35. Rd4 Nc5 36. Bd1 Rd7 37.
Rxd7+ Nxd7 38. f4 h4 39. Kf2 Kf6 40. Ke3 g5 41. g3 hxg3 42. fxg5+ Kxg5 43. hxg3 Ne5 44. Kd4 Nc6+ 45. Kd5 Ne7+ 46. Kd6 Nf5+ 47. Kc6 Nxg3 48.
Kb7 Ne4 49. Kxa7 Nd2 50. Be2 Nb1 51. Kxb6 Nxa3 52. c5 Nc2 53. Bc4 Nd4 54. Kc7 Kf5 55. Kd6 Ke4 56. Bd5+ Kd3 57. Ke5 Kc3 58. Ke4 Nb5 59. c6 Kb4 60. Ke5 Kc5 61. Be4 Kb6 62.
Bf3 Na7 63. Kd6 Nxc6 1/2-1/2

[Event "Late-Titled-Tuesday-Blitz-October-24-2023"]
[Site "Chess.com"]
[Date "2023.10.24"]
[Round "7"]
[White "ural58"]
[Black "HaryKane"]
[Result "1/2-1/2"]
[WhiteElo "2509"]
[BlackElo "2515"]
[TimeControl "180+1"]
[EndTime "15:16:44 PDT"]
[Termination "Game drawn - insufficient material"]

1. e4 e5 2. Nf3 Nc6 3. Bc4 Bc5 4. b4 Bb6 5. a4 a6 6. d3 Nf6 7. Bb2 d6 8. Qd2 O-O 9. O-O Re8 10. b5 axb5 11. axb5 Rxa1 12. Bxa1 Ne7 13. Ng5 Rf8 14. d4 exd4 15. Bxd4 Bxd4 16. Qxd4 h6 17. Nxf7 Rxf7 18. Bxf7+ Kxf7 19. e5 Nf5 20. Qd3 Ng4 21. exd6 Nxd6 22. Nc3 Qh4 23. h3 Nf6 24. b6 Bf5 25.
Qd1 Qc4 26. bxc7 Qxc7 27. Qd2 Nde4 28. Nxe4 Bxe4 29. c3 Qc6 30. f3 Bd5 31. Rd1 b5 32. Qd4 Be6 33. Qa7+ Kg6 34. Qd4 Kh7 35. Rb1 Bc4 36.
Re1 Bf7 37. Re7 Bg6 38. Re5 Bf7 39. Qd3+ Bg6 40. Qd4 Qc4 41. Qxc4 bxc4 42. Kf2 Bd3 43. Ke3 Kg6 44. h4 Kf7 45. g4 Nd7 46. Rb5 Ke6 47. f4 Nf6 48. f5+ Kd6 49. g5 hxg5 50. hxg5 Nd5+ 51. Kd4 Ne7 52. f6 gxf6 53. gxf6 Nc6+ 54. Ke3 Ne5 55. Rb7 Ke6 56. Kd4 Nf7 57. Rb6+ Kf5 58.
Kc5 Ke5 59. Ra6 Ng5 60. Rb6 Ne6+ 61. Kb4 Kxf6 62. Rc6 Ke5 63. Rxc4 Nf4 64. Rc5+ Kd6 65. Ra5 Nd5+ 66. Ka3 Nxc3 67. Ra8 Ke5 68. Rh8 Ne4 69. Rh5+ Kd4 70. Rh4 Be2 71. Rxe4+ Kxe4 1/2-1/2

[Event "Late-Titled-Tuesday-Blitz-October-24-2023"]
[Site "Chess.com"]
[Date "2023.10.24"]
[Round "7"]
[White "ItalianMachine"]
[Black "ArtemDyachuk"]
[Result "1-0"]
[WhiteElo "2459"]
[BlackElo "2633"]
[TimeControl "180+1"]
[EndTime "15:16:51 PDT"]
[Termination "ItalianMachine won on time"]

1. Nf3 Nf6 2. g3 b5 3. Bg2 Bb7 4. O-O e6 5. b3 Be7 6. Bb2 O-O 7.
d3 d5 8. Nbd2 a5 9. e4 dxe4 10.
Ng5 c5 11. Ngxe4 Nxe4 12. Nxe4 Ra7 13. Qg4 g6 14. Qf4 f6 15. Rae1 e5 16. Qe3 Nd7 17. f4 f5 18. Ng5 Bxg2 19. Kxg2 Bxg5 20. fxg5 Re8 21. h4 Nf8 22. Qxc5 Rc7 23. Qf2 Qa8+ 24. Kg1 Qd5 25. c4 Qxd3 26. Rxe5 Rxe5 27. Bxe5 Re7 28. Re1 Nd7 29. Ba1 Rxe1+ 30. Qxe1 Kf7 31. cxb5 Qxb5 32.
Qc3 Qb6+ 33. Kg2 Qe6 34. Qg7+ Ke8 35. Qh8+ Ke7 36. Qg7+ Ke8 37. Bd4 Qe2+ 38. Kh3 Qg4+ 39. Kg2 Qe2+ 40. Bf2 Ne5 41. Qg8+ Kd7 42. Qxh7+ Kc6 43.
Qa7 Qe4+ 44. Kf1 Qd3+ 45. Kg2 Qd5+ 46. Kf1 Qh1+ 47. Ke2 Qf3+ 48. Kf1 Qd3+ 49. Kg1 Nf3+ 50. Kg2 Nd2 51. Qc5+ Kb7 52. Qe3 Qd5+ 53. Kg1 Nf3+ 54.
Kf1 Nd2+ 55. Ke2 Ne4 56. Be1 Qb5+ 57. Qd3 Qc6 58. Qc4 Nc5 59. Qf7+ Ka6 60. Qc4+ Kb7 61. Bf2 Qe8+ 62. Kf1 Ne4 63. Qd5+ Ka6 64. Qc4+ Kb7 65.
Qd5+ Ka6 66. Be1 Qe7 67. Qc6+ Ka7 68. Qd5 1-0

[Event "Late-Titled-Tuesday-Blitz-October-24-2023"]
[Site "Chess.com"]
[Date "2023.10.24"]
[Round "7"]
[White "Nick12772"]
[Black "NotFischer"]
[Result "1/2-1/2"]
[WhiteElo "2372"]
[BlackElo "2252"]
[TimeControl "180+1"]
[EndTime "15:16:52 PDT"]
[Termination "Game drawn - insufficient material"]

1. Nf3 g6 2. g3 Bg7 3. Bg2 d5 4. d4 Nf6 5. O-O O-O 6. c4 c6 7. cxd5 cxd5 8. Ne5 Nbd7 9. Nxd7 Bxd7 10. Nc3 Bc6 11. Bf4 Rc8 12. Be5 Qb6 13. b3 Rfd8 14.
Rc1 Ne4 15. Bxg7 Kxg7 16. Qd3 f5 17. Rfd1 e5 18. Nxe4 dxe4 19. Qe3 exd4 20. Qg5 Kf7 21. Rc4 Bb5 22. Rxc8 Rxc8 23. Qh6 Kg8 24. Qd2 d3 25. exd3 Bxd3 26. Rc1 Rxc1+ 27. Qxc1 Qc6 28. Qg5 Kf7 29. Qh6 Kf6 30. Qh4+ Ke6 31. h3 Qc1+ 32. Kh2 e3 33. Qf4 Qd2 34. Qxe3+ Qxe3 35. fxe3 Bb1 36. a3 Ba2 37. b4 b6 38. Kg1 Ke5 39. Kf2 Bd5 40. Bf1 Be4 41. Bc4 h6 42. h4 g5 43.
hxg5 hxg5 44. Ke2 Bd5 45. Ba6 Bb3 46. Bb7 Ba4 47. Bc8 Bb5+ 48. Kf3 g4+ 49. Kf2 Bd3 50. Bb7 Be4 51. Bc8 Kd5 52. Ba6 Kc6 53. Be2 b5 54. Ke1 Kd5 55. Kd2 Bf3 56. Bd3 Be4 57.
Be2 Ke5 58. Kc3 a6 59. Bd1 Bc6 60. Bb3 Ke4 61. Kd2 Kf3 62. Bc2 Kxg3 63. Bxf5 Kf3 64. Bc8 g3 65. Bh3 g2 66. Bxg2+ Kxg2 67. Kd3 Kf3 68.
Kd4 Bb7 69. Kc5 Kxe3 70. Kb6 Bc8 71. Kc7 Be6 72. Kb6 Bc8 73. Kc7 Be6 74. Kb6 Bc4 75.
Kxa6 Kd4 76. Ka5 Kc3 77. a4 bxa4 78. Kxa4 Kd4 79. Ka5 Kd5 80. b5 Bxb5 1/2-1/2

[Event "Late-Titled-Tuesday-Blitz-October-24-2023"]
[Site "Chess.com"]
[Date "2023.10.24"]
[Round "7"]
[White "Fradi82"]
[Black "venturov"]
[Result "1-0"]
[WhiteElo "2354"]
[BlackElo "2490"]
[TimeControl "180+1"]
[EndTime "15:16:59 PDT"]
[Termination "Fradi82 won on time"]

1. e4 Nf6 2. e5 Nd5 3. c4 Nb6 4. d4 d6 5. exd6 cxd6 6. Nc3 g6 7. Be3 Bg7 8. Rc1 O-O 9. b3 Bf5 10. Nge2 d5 11. c5 Nc8 12. Ng3 Nc6 13. Nxf5 gxf5 14. Be2 e6 15. Qd2 N8e7 16. O-O Ng6 17. g3 f4 18. Bxf4 Nxf4 19. Qxf4 Nxd4 20. Qd2 Rc8 21. b4 a5 22. Nb5 Nxe2+ 23. Qxe2 axb4 24.
Nd6 Rc7 25. Qb5 Qa8 26. Qxb4 Qxa2 27. Nxb7 Rb8 28. c6 Qb2 29. Qxb2 Bxb2 30. Rc2 Ba3 31.
Kg2 Rbc8 32. Ra1 Be7 33. Rac1 Ba3 34. Ra1 Be7 35. Rac1 d4 36. Kf3 d3 37. Rc4 Rxc6 38. Rxc6 Rxc6 39. Rxc6 d2 40. Ke2 Bg5 41. f4 Bf6 42. Kxd2 Kg7 43. Kd3 h5 44. Rc7 h4 45.
Nc5 hxg3 46. Nxe6+ Kg6 47. Nf8+ Kg7 48. Ne6+ Kg6 49.
hxg3 fxe6 50. Ke4 Bd8 51. Rb7 Kf6 52. g4 Ba5 53. Ra7 Bc3 54. Ra6 Ke7 55. f5 exf5+ 56. Kxf5 Kf7 57. g5 Bb2 58. g6+ Kg7 59. Ra7+ Kg8 60.
Rb7 Bc3 61. Kg5 Bd2+ 62. Kf6 Bc3+ 63. Ke6 Ba1 64. Kf5 Bc3 65. Rb8+ Kg7 66. Rc8 Bb2 67. Re8 Bc3 68. Re3 Bb2 69. Rb3 Ba1 70. Kg5 Bd4 71.
Rd3 Bb2 72. Rd7+ Kg8 73. Rb7 Bc1+ 74. Kf6 Bf4 75. Ra7 1-0

[Event "Late-Titled-Tuesday-Blitz-October-24-2023"]
[Site "Chess.com"]
[Date "2023.10.24"]
[Round "7"]
[White "Mariia89"]
[Black "bylavochka"]
[Result "0-1"]
[WhiteElo "2189"]
[BlackElo "2350"]
[TimeControl "180+1"]
[EndTime "15:17:03 PDT"]
[Termination "bylavochka won by checkmate"]

1. d4 Nf6 2. Nf3 e6 3. Bg5 Be7 4. e3 O-O 5. Bd3 d5 6. c3 Nbd7 7. Nbd2 Re8 8. O-O Bf8 9. Ne5 Be7 10. f4 Nxe5 11. fxe5 Nd7 12. Bxe7 Qxe7 13. Qh5 f5 14.
exf6 Nxf6 15. Qg5 e5 16. Bf5 exd4 17. exd4 Qe3+ 18. Qxe3 Rxe3 19. Bxc8 Rxc8 20. Nf3 Rce8 21. Ne5 Re2 22. Rf2 Rxf2 23. Kxf2 Ne4+ 24. Ke2 Rf8 25.
Rf1 Nd6 26. b3 Rxf1 27. Kxf1 Nb5 28. Nd7 Nxc3 29. Nc5 b6 30. Na6 c6 31. a4 b5 32.
a5 Na2 33. Nb8 Nc1 34. b4 Nd3 35. Nxc6 Kf7 36. Ke2 Nf4+ 37. Kf3 Ne6 38. Ke3 Ke8 39. Kd3 Kd7 40. Ne5+ Kc7 41. Nf3 Nf4+ 42. Kc3 Nxg2 43. Ng5 h6 44. Ne6+ Kd6 45. Nxg7 Ne3 46. Nf5+ Nxf5 47. Kd3 Nh4 48. Ke3 Ng6 49. Kf3 h5 50. h3 a6 51. Kg3 Ke6 52. Kf3 Kf5 53. Kg3 Nf4 54. Kh4 Ke4 55. Kg5 Nxh3+ 56. Kxh5 Kxd4 57.
Kg4 Nf2+ 58. Kf5 Nd3 59. Ke6 Nxb4 60. Kd6 Kc4 61. Kc7 d4 62. Kb6 d3 63. Ka7 d2 64. Kb6 d1=Q 65. Ka7 Qd7+ 66. Kb6 Nd5+ 67. Kxa6 Nc7+ 68. Kb6 Nd5+ 69. Ka6 Qc6+ 70. Ka7 b4 71. a6 Qc7+ 72. Ka8 Nb6# 0-1

[Event "Late-Titled-Tuesday-Blitz-October-24-2023"]
[Site "Chess.com"]
[Date "2023.10.24"]
[Round "7"]
[White "Ali_rastbod"]
[Black "sergeikim"]
[Result "1/2-1/2"]
[WhiteElo "2730"]
[BlackElo "2604"]
[TimeControl "180+1"]
[EndTime "15:17:17 PDT"]
[Termination "Game drawn - insufficient material"]

1. d4 Nf6 2. Nf3 g6 3. Bg5 Bg7 4. Nbd2 d6 5. c3 O-O 6. e4 c6 7. a4 a5 8. Bc4 Qc7 9. O-O e5 10. dxe5 dxe5 11. Re1 Re8 12. b4 Na6 13. Qb3 Be6 14.
Bxe6 Rxe6 15. Nc4 axb4 16. cxb4 Qe7 17. Rab1 h6 18. Bh4 Qc7 19. a5 Nh5 20. Bg3 Nxg3 21.
hxg3 Rd8 22. Red1 Ree8 23. Ne1 Qe7 24. Nc2 Nc7 25. Kh2 Nb5 26. N4a3 Nd4 27. Nxd4 exd4 28. Qd3 Qxe4 29. Nc4 Qd5 30. Rb2 Re6 31. Nb6 Qh5+ 32. Kg1 Rde8 33. Rbb1 Re2 34. Rf1 Qe5 35. Nc4 Qd5 36. Nb6 Qe5 37. Nd7 Qe7 38. Nc5 Qc7 39. Qf3 R2e7 40. Rfd1 b6 41. Nd3 bxa5 42. bxa5 Qxa5 43.
Rbc1 Re6 44. Rxc6 Qa4 45. Rcc1 Qa5 46. Kh2 Qg5 47. Kg1 Qf6 48. Rb1 Qxf3 49. gxf3 Rd6 50.
Kg2 Red8 51. Rb5 Rd5 52. Rb4 R5d7 53. Rb2 Rd5 54. Re2 R5d7 55. f4 h5 56. Kf3 Rd5 57.
Red2 R5d7 58. Nc5 Rc7 59. Ne4 Rcd7 60. Rd3 Rc7 61. Ng5 Rcd7 62. Nh3 Rc7 63. Ng1 Rdc8 64. Ne2 Rc2 65. Nxd4 R2c3 66. Kg2 Rxd3 67. Rxd3 Rd8 68. Kf3 Rxd4 69. Ra3 Rd8 70. Ra7 Rf8 71. g4 hxg4+ 72.
Kxg4 Bf6 73. f5 g5 74. f4 Kg7 75. fxg5 Be5 76. g6 Bf6 77. Kf4 Bd4 78. Rxf7+ Rxf7 79. gxf7 Kxf7 80. f6 Bxf6 1/2-1/2

[Event "Late-Titled-Tuesday-Blitz-October-24-2023"]
[Site "Chess.com"]
[Date "2023.10.24"]
[Round "7"]
[White "Felix-Rose"]
[Black "Freeeeeeeeeeeeeeeeee"]
[Result "1-0"]
[WhiteElo "2326"]
[BlackElo "2037"]
[TimeControl "180+1"]
[EndTime "15:17:29 PDT"]
[Termination "Felix-Rose won by checkmate"]

1. e4 e5 2. Nf3 Nc6 3. Bb5 d6 4. d4 Bd7 5. Nc3 Nf6 6. Bxc6 Bxc6 7. Qd3 exd4 8. Nxd4 Qd7 9. Bg5 Be7 10. Nf5 Bf8 11. Bxf6 gxf6 12. O-O-O O-O-O 13. Qd4 Qe6 14. Qxa7 Bxe4 15.
Qa8+ Kd7 16. Qa4+ Bc6 17. Qf4 Qe5 18. Qg4 h5 19. Qh3 Qf4+ 20. Ne3+ Ke8 21. Rhe1 Bd7 22. Nd5 Bxh3 23. Nxf4 Be6 24. Ned5 Bh6 25. Nxf6+ Kf8 26. Nxh5 Bg4 27. Kb1 Bxd1 28. Rxd1 Bxf4 29. Nxf4 Rxh2 30.
a4 Re8 31. Rd4 Re1+ 32. Ka2 Rf1 33. f3 Rf2 34. Kb3 Rh6 35. a5 Ke7 36. Nd5+ Kd7 37. Rf4 Rxg2 38. Rxf7+ Ke6 39. Nf4+ Kxf7 40. Nxg2 Rh3 41.
Ne1 Ke6 42. Kc4 c6 43. b4 d5+ 44. Kc5 Kd7 45. Kb6 Kc8 46. f4 Re3 47. Nd3 Re4 48.
Nc5 Rxb4+ 49. Ka7 Rxf4 50. Nxb7 Ra4 51. a6 Kc7 52. Nc5 Ra2 53. c3 Ra3 54. Ne6+ Kd6 55. Nd4 Rxc3 56. Kb8 Rb3+ 57. Nxb3 c5 58. a7 c4 59. Nd4 Ke5 60. Nc6+ Ke4 61. a8=Q c3 62. Qa1 Kd3 63. Qd1+ Kc4 64. Qd4+ Kb3 65. Qb4+ Kc2 66. Nd4+ Kd2 67. Kc7 Kd3 68. Nb3 c2 69. Qd4+ Ke2 70. Qd2+ Kf3 71. Qxc2 d4 72. Nxd4+ Kg4 73. Qf5+ Kg3 74.
Qf3+ Kh4 75. Nf5+ Kg5 76. Ne3 Kg6 77. Qf5+ Kh6 78. Ng4+ Kg7 79. Qf6+ Kh7 80. Qf7+ Kh8 81.
Qf6+ Kh7 82. Qh6+ Kg8 83. Kd7 Kf7 84. Ne5+ Kg8 85. Qg6+ Kh8 86. Nf7# 1-0

[Event "Late-Titled-Tuesday-Blitz-October-24-2023"]
[Site "Chess.com"]
[Date "2023.10.24"]
[Round "7"]
[White "Korchmar_Vasiliy"]
[Black "Angry_Twin"]
[Result "0-1"]
[WhiteElo "2787"]
[BlackElo "2944"]
[TimeControl "180+1"]
[EndTime "15:17:38 PDT"]
[Termination "Angry_Twin won on time"]

1. e4 c5 2. d4 cxd4 3. Qxd4 Nc6 4. Qd3 Nf6 5. Nc3 e6 6. Bf4 Qa5 7. a3 d5 8. O-O-O d4 9. Nb5 e5 10. Bd2 Qb6 11. f4 Ng4 12. Qg3 a6 13. h3 Nf6 14.
fxe5 Nxe4 15. Qe1 Nxd2 16. Nd6+ Bxd6 17. exd6+ Be6 18. Qxd2 O-O 19. Nf3 Rfd8 20. Qf4 Qc5 21. Nxd4 Rxd6 22. Nxe6 Rxd1+ 23. Kxd1 fxe6 24. Bc4 Nd4 25. Bd3 Rd8 26. Rf1 Nxc2 27. Kd2 Nd4 28. Bxh7+ Kh8 29.
Bd3 Nf5 30. g4 Qd5 31. Qf3 Qxf3 32. Rxf3 Nd6 33. Ke3 Kg8 34. Rf2 Rd7 35. Rc2 Kf7 36. h4 Ke7 37. h5 Nf7 38. Bg6 Ne5 39. Kf4 Nxg6+ 40. hxg6 Kf6 41. Re2 Rd5 42. Rc2 Rd7 43. Re2 Re7 44. Re5 Kxg6 45. Rg5+ Kf6 46. Re5 g5+ 47.
Ke4 Rd7 48. Rc5 Rd1 49. Rc7 Re1+ 50. Kf3 b5 51. Rc6 Rb1 52. Rxa6 Rxb2 53. Ke4 Rb3 54. Ra5 Rg3 55. Rxb5 Rxg4+ 56. Kf3 Ra4 57. Rb3 Kf5 58. Kg3 e5 59. Rf3+ Kg6 60. Re3 Kf6 61. Rf3+ Ke6 62.
Re3 Rd4 63. Rb3 g4 64. Rb8 Rf4 65. Re8+ Kd6 66. Rd8+ Ke7 67. Rg8 Rf3+ 68. Kxg4 Rf1 69. Rh8 e4 70. Kg3 Ke6 71. Kg2 Rf6 72. Re8+ Kd5 73. a4 Kd4 74. a5 e3 75. Rd8+ Kc3 76.
Rc8+ Kd2 77. Rd8+ Ke1 78. Rd5 e2 79. Kg1 Rg6+ 80. Kh2 Kf2 81. Rf5+ Ke3 82. Re5+ Kf3 83. Rf5+ Ke4 84. Rf8 Re6 0-1

[Event "Late-Titled-Tuesday-Blitz-October-24-2023"]
[Site "Chess.com"]
[Date "2023.10.24"]
[Round "7"]
[White "PapaieDudu"]
[Black "mjelcic"]
[Result "1/2-1/2"]
[WhiteElo "2336"]
[BlackElo "2153"]
[TimeControl "180+1"]
[EndTime "15:18:32 PDT"]
[Termination "Game drawn by 50-move rule"]

1. e4 g6 2. Nf3 Bg7 3. d4 d6 4. Be3 a6 5. h3 b5 6. c4 bxc4 7.
Bxc4 Bb7 8. Bxf7+ Kxf7 9. Ng5+ Ke8 10. Ne6 Qd7 11. Nxg7+ Kf8 12. Qb3 Bxe4 13. Ne6+ Ke8 14.
Ng5 Bxg2 15. Rg1 Bc6 16. Qf7+ Kd8 17. Qf8+ Qe8 18. Nf7+ Kd7 19. Qxe8+ Kxe8 20. Nxh8 Kf8 21. d5 Bxd5 22. Nc3 Bb7 23. Bd4 e5 24. Be3 Kg7 25.
f4 exf4 26. Bd4+ Nf6 27. O-O-O Nc6 28. Bxf6+ Kxf6 29. Nd5+ Kg7 30. Nxg6 hxg6 31. Nxf4 Ne5 32. Ne6+ Kf6 33. Nd4 Rh8 34. Rdf1+ Ke7 35. Rg3 c5 36. Ne2 a5 37. Ra3 Ba6 38. Re1 Nd3+ 39. Rxd3 Bxd3 40. Nf4+ Kf6 41. Nxd3 Rxh3 42. Rf1+ Ke7 43. Nf4 Rg3 44. Rf2 g5 45. Nd5+ Ke6 46. Nc3 d5 47.
Re2+ Kd6 48. Rd2 Rg1+ 49. Kc2 d4 50. a4 g4 51. Kb3 g3 52. Kc4 Rc1 53. Kb5 g2 54. Rxg2 dxc3 55. bxc3 Rxc3 56. Rd2+ Ke5 57. Kxa5 Rb3 58. Rc2 Kd4 59. Rh2 c4 60. Ka6 c3 61.
a5 Rb2 62. Rh8 Ra2 63. Kb5 Rb2+ 64. Ka4 Rb7 65. Rd8+ Kc4 66. a6 Ra7 67. Rc8+ Kd3 68. Kb3 Rxa6 69. Rxc3+ Kd2 70. Rc8 Rb6+ 71. Kc4 Rb2 72.
Rd8+ Ke3 73. Kc3 Rb7 74. Rc8 Rd7 75. Re8+ Kf4 76. Rc8 Ke5 77. Rc4 Kd5 78. Rd4+ Kc6 79. Rh4 Rd6 80. Kc4 Rg6 81. Rf4 Rh6 82. Kd4 Rg6 83. Ke4 Re6+ 84. Kf5 Rd6 85. Re4 Kd7 86. Re5 Rh6 87. Kg5 Rh1 88. Re2 Kd6 89. Rg2 Rh8 90. Kf6 Rf8+ 91. Kg7 Rf4 92. Rd2+ Ke5 93. Re2+ Kd4 94.
Kg6 Rf8 95. Rd2+ Ke5 96. Rd1 Ke6 97. Re1+ Kd7 98. Rd1+ Ke6 99. Re1+ Kd7 100. Ra1 Rf2 101. Ra7+ Ke6 102. Ra6+ Ke7 103. Kg5 Rg2+ 104. Kf4 Rf2+ 105. Ke3 Rf6 106. Ra7+ Kf8 107. Ke4 Rf7 108. Ra8+ Kg7 109. Ra5 Re7+ 110. Kf5 Rc7 111. Ke5 Rf7 112. Kd6 Rf6+ 113. Ke7 Rf7+ 114. Ke6 Rf6+ 115. Ke5 Kg6 116. Ra1 Rf5+ 117. Ke4 Rg5 118. Ra6+ Kh5 119. Ra8 1/2-1/2

[Event "Late-Titled-Tuesday-Blitz-October-24-2023"]
[Site "Chess.com"]
[Date "2023.10.24"]
[Round "7"]
[White "koncheto"]
[Black "Karacsonyi_Gellert"]
[Result "1/2-1/2"]
[WhiteElo "2573"]
[BlackElo "2748"]
[TimeControl "180+1"]
[EndTime "15:18:46 PDT"]
[Termination "Game drawn by agreement"]

1. e4 c5 2. Nf3 Nc6 3. d4 cxd4 4. Nxd4 g6 5. c4 Nf6 6. Nc3 d6 7. Be2 Nxd4 8. Qxd4 Bg7 9. Be3 O-O 10. Qd2 a5 11. O-O a4 12. Rac1 Qa5 13. Rc2 Be6 14.
Rb1 Rfc8 15. b3 axb3 16. axb3 Qb4 17. Nd5 Qxd2 18. Rxd2 Nxd5 19. exd5 Bf5 20. Bd3 Bxd3 21.
Rxd3 Ra3 22. g3 Rb8 23. Bc1 Ra2 24. Rd2 Rxd2 25. Bxd2 b5 26. Re1 Bf6 27. Rc1 bxc4 28.
bxc4 Rc8 29. Kf1 h5 30. h4 Kg7 31. Ke2 Bd4 32. Be3 Bxe3 33. Kxe3 Ra8 34. Rc3 Kf6 35. Kd4 Ra2 36. Rf3+ Kg7 37. Rf4 Ra3 38. Re4 Kf8 39. Re3 Ra2 40. Rf3 Ke8 41. Ke4 Rd2 42. Ke3 Rd1 43. Ke2 Ra1 44. Kd2 Ra4 45. Rc3 Ra2+ 46.
Rc2 Ra1 47. Rc1 Ra4 48. Rc2 Kd7 49. Kd3 e5 50. dxe6+ fxe6 51. Rb2 Kc6 52. Kc3 Ra3+ 53. Rb3 Ra2 54. f4 Rg2 55. Kb4 Rg1 56. Re3 Kd7 57. Ra3 Rb1+ 58. Kc3 Ke7 59. Kd4 Rd1+ 60. Ke3 Kf6 61. Rd3 Rc1 62. Rxd6 Rxc4 63. Rd3 Kf5 64. Kf3 Rc1 65. Re3 Rf1+ 66. Kg2 Rb1 67. Kf3 Kf6 68.
Kg2 Rb2+ 69. Kf3 Ra2 70. Re5 Ra3+ 71. Re3 Ra4 72. Re5 Rb4 73. Re3 Rb5 74. Re4 Kf5 75.
Re3 Rc5 76. Rd3 Rd5 77. Re3 Ra5 78. Rd3 Ra1 79. Re3 Rf1+ 80. Kg2 Rd1 81. Re5+ Kf6 82. Kf3 Rd3+ 83. Re3 Rd2 84. Rc3 Ke7 85. Rc7+ Kf6 86. Rc8 Rd3+ 87. Kf2 Ra3 88. Rf8+ Ke7 89.
Rg8 Kf7 90. Rc8 Rb3 91. Rc7+ Kf6 92. Ra7 Kf5 93. Ra5+ Kf6 94. Re5 Ra3 95. Rb5 Ra6 96. Re5 Rb6 97. Kf3 Rd6 98. Re3 Rd5 99. Re4 Rc5 100.
Rd4 Kf5 101. Rd3 e5 102. fxe5 Rxe5 103. Rd4 Rb5 104. Rf4+ Ke5 105. Rf8 Rb3+ 106. Kg2 Ra3 107. Rg8 Kf5 108. Rf8+ Ke5 109. Rg8 Kf6 110. Rf8+ Ke7 111. Rf4 Ra2+ 112. Kf3 Ke6 113. Re4+ Kf5 114. Rf4+ Ke5 115. Re4+ Kd5 116. Rf4 Ra3+ 117. Kg2 Ke5 118. Rf8 Ra7 119. Re8+ Kf6 120. Rf8+ Kg7 121. Rd8 Ra4 122. Rd7+ Kf6 123. Rd5 Ke6 124. Rg5 Kf6 125. Rd5 Rb4 126. Rd6+ Kf5 127. Rd3 Kg4 128. Rf3 Rb2+ 129. Rf2 Rb4 130. Kh2 Rc4 131. Kg2 Rd4 132. Kh2 Rb4 133. Kg2 Ra4 134. Kh2 g5 135. hxg5 Kxg5 136. Kg2 Kg4 137. Rf4+ Rxf4 138. gxf4 Kxf4 139. Kh1 1/2-1/2

[Event "Late-Titled-Tuesday-Blitz-October-24-2023"]
[Site "Chess.com"]
[Date "2023.10.24"]
[Round "8"]
[White "dropstoneDP"]
[Black "Duhless"]
[Result "1/2-1/2"]
[WhiteElo "3108"]
[BlackElo "3122"]
[TimeControl "180+1"]
[EndTime "15:20:24 PDT"]
[Termination "Game drawn by agreement"]

1. e4 e5 2. Nf3 Nc6 3. Bb5 a6 4. Ba4 Nf6 5. d3 b5 6. Bb3 Bc5 7.
a4 Rb8 8. O-O d6 9. axb5 axb5 10. Nc3 h6 11. Be3 O-O 12. h3 Bxe3 13. fxe3 Be6 1/2-1/2

[Event "Late-Titled-Tuesday-Blitz-October-24-2023"]
[Site "Chess.com"]
[Date "2023.10.24"]
[Round "8"]
[White "serefra99"]
[Black "NMJeevanK"]
[Result "0-1"]
[WhiteElo "2407"]
[BlackElo "2585"]
[TimeControl "180+1"]
[EndTime "15:20:40 PDT"]
[Termination "NMJeevanK won by resignation"]

1. d4 d6 2. g3 g6 3. Bg2 Bg7 4. Nf3 Nf6 5. O-O O-O 6. c4 Nbd7 7. Nc3 e5 8. e4 exd4 9. Nxd4 Nc5 10. h3 Re8 11.
Re1 Bd7 12. Kh2 Rb8 13. b4 Ne6 14. Bb2 Nxd4 15. Qxd4 Ng4+ 16. hxg4 Bxd4 0-1

[Event "Late-Titled-Tuesday-Blitz-October-24-2023"]
[Site "Chess.com"]
[Date "2023.10.24"]
[Round "8"]
[White "Freeeeeeeeeeeeeeeeee"]
[Black "rikchessmx"]
[Result "1-0"]
[WhiteElo "2050"]
[BlackElo "2268"]
[TimeControl "180+1"]
[EndTime "15:21:15 PDT"]
[Termination "Freeeeeeeeeeeeeeeeee won by checkmate"]

1. Nc3 d5 2. Nf3 f6 3. e4 d4 4. Ne2 e5 5. Ng3 c5 6. Bb5+ Nd7 7. Nxe5 fxe5 8. Qh5+ Ke7 9. Nf5+ Ke6 10. Bc4+ Kf6 11. Qf7+ Kg5 12. d3+ Kg4 13. h3# 1-0

[Event "Late-Titled-Tuesday-Blitz-October-24-2023"]
[Site "Chess.com"]
[Date "2023.10.24"]
[Round "8"]
[White "HouseOfDurin"]
[Black "miraitrunks"]
[Result "1-0"]
[WhiteElo "2309"]
[BlackElo "2101"]
[TimeControl "180+1"]
[EndTime "15:21:32 PDT"]
[Termination "HouseOfDurin won by resignation"]

1. d4 Nf6 2. Bg5 Ne4 3. Bf4 d5 4. Nd2 Nxd2 5. Qxd2 Bf5 6. e3 e6 7. Bd3 Bxd3 8. Qxd3 Bd6 9. Qb5+ Nd7 10. Bxd6 cxd6 11.
Qxb7 Rb8 12. Qxa7 Rxb2 13. Qa3 Rxc2 14. Ne2 O-O 15. Rc1 Qc7 16. O-O Rc8 17. Rxc2 Qxc2 18.
Rc1 Qxe2 19. Rxc8+ Nf8 20. g3 h5 21. Qxd6 1-0

[Event "Late-Titled-Tuesday-Blitz-October-24-2023"]
[Site "Chess.com"]
[Date "2023.10.24"]
[Round "8"]
[White "NateSolon"]
[Black "rdarruda"]
[Result "1-0"]
[WhiteElo "2663"]
[BlackElo "2538"]
[TimeControl "180+1"]
[EndTime "15:21:35 PDT"]
[Termination "NateSolon won by resignation"]

1. d4 Nf6 2. Bf4 d6 3. Nf3 c6 4. Nbd2 Nbd7 5. e4 Qc7 6. e5 Nh5 7. exd6 exd6 8. Be3 Be7 9. Bd3 O-O 10. O-O d5 11.
Re1 Bf6 12. Ng5 Bxg5 13. Qxh5 h6 14. Bxg5 1-0